 Dungeon Crawl Stone Soup version 0.28.0-53-g5a82cb258f (webtiles) character file.

Game seed: 13587777990749346015

45 Revguard the Skirmisher (level 3, 0/23 HPs)
             Began as a Gargoyle Fighter on July 28, 2022.
             Slain by a gnoll
             ... wielding a +0 spear
              (5 damage)
             ... on level 2 of the Dungeon.
             The game lasted 00:02:13 (1428 turns).

Revguard the Skirmisher (Gargoyle Fighter)          Turns: 1428, Time: 00:02:14

Health: 0/23       AC: 10    Str: 19    XL:     3   Next: 64%
Magic:  3/3        EV:  9    Int:  8    God:
Gold:   70         SH:  4    Dex: 11    Spells: 2/2 levels left

rFire   + . .      SeeInvis .   a - +0 flail
rCold   . . .      Faith    .   c - +0 buckler
rNeg    + . .      Spirit   .   b - +0 scale mail
rPois   ∞          Reflect  .   (no helmet)
rElec   +          Harm     .   (no cloak)
rCorr   .          Rampage  .   (no gloves)
Will    .....                   (no boots)
Stlth   ..........              (no amulet)
HPRegen 0.07/turn               f - ring of protection from fire
MPRegen 0.08/turn               (no ring)

@: no status effects
A: sickness immunity, AC +3, negative energy resistance 1, electricity
resistance, torment resistance 1, petrification resistance
a: no special abilities


You were on level 2 of the Dungeon.
You visited 1 branch of the dungeon, and saw 2 of its levels.

You collected 70 gold pieces.

Inventory:

Hand Weapons
 a - a +0 flail (weapon)
Armour
 b - a +0 scale mail (worn)
 c - a +0 buckler (worn)
Jewellery
 f - a ring of protection from fire (left hand)
Scrolls
 e - a scroll of immolation {unknown}
 g - 2 scrolls of teleportation {unknown}
Potions
 d - a potion of might
 h - a potion of lignification {unknown}


   Skills:
 + Level 3.5 Fighting
 * Level 2.6 Maces & Flails
 + Level 3.5 Armour
 + Level 0.5 Dodging
 + Level 3.5 Shields
 + Level 1.0 Invocations
 + Level 0.6 Evocations


You had 2 spell levels left.
You didn't know any spells.
Your spell library was empty.

Dungeon Overview and Level Annotations

Branches:
Dungeon (2/15)

Altars:


Innate Abilities, Weirdness & Mutations

You are immune to sickness and miasma.
Your stone body is resilient. (AC +3)
You are immune to poison.
You resist negative energy. (rN+)
You are resistant to electric shocks. (rElec)
You are resistant to unholy torment.
You are immune to petrification.


Message History

The bat barely misses you. The bat barely misses you.
You miss the bat. The bat hits you but does no damage.
The bat hits you but does no damage.
You barely miss the bat. The bat closely misses you.
You closely miss the bat. The bat closely misses you.
You sock the bat!
You kill the bat!
You see here a bat corpse.
A giant cockroach comes into view.
A giant cockroach is nearby!
The giant cockroach bites you but does no damage.
You barely miss the giant cockroach. You block the giant cockroach's attack.
The giant cockroach bites you.
You sock the giant cockroach!
You kill the giant cockroach! 2 gnolls come into view.
A gnoll is wielding a +1 whip of pain.
Found a quarterstaff.
The gnoll shouts! x2; You hear a shout!
You see here 3 scrolls labelled QEFAXIKACO.
A gnoll comes into view. It is wielding a +0 club.
A kobold comes into view.
It is wielding a +2 dagger of electrocution.
The gnoll hits you but does no damage.
You barely miss the gnoll. The gnoll hits you but does no damage.
The gnoll hits you with a +1 whip of pain.
You block the gnoll's attack.
The gnoll hits you with a +1 whip of pain.
You closely miss the gnoll.
The gnoll hits you from afar with a +0 spear.
The gnoll closely misses you.
You sock the gnoll!
The gnoll is heavily wounded.
The gnoll hits you from afar with a +0 spear.
* * * LOW HITPOINT WARNING * * *
The gnoll hits you with a +1 whip of pain.
* * * LOW HITPOINT WARNING * * *
You hit the gnoll.
The gnoll is almost dead.
The gnoll hits you from afar with a +0 spear.
You die...

.# #.#.#.##........ .#
#.#..........### .#
#.#.#.##........ .#
#...#.##!....### .#
#...†...###### .#
#.#.....########.
.####### #..............
.........#....?########.
########........@gggK...
#.#.############. #....#
### #.....# #.. ......
#.# ... #.# ##.## ....#


You could see 3 gnolls and a kobold.

Vanquished Creatures
  An adder (D:2)
  2 dart slugs (D:1)
  An endoplasm (D:1)
  3 giant cockroaches
  2 goblins (D:2)
  A hobgoblin (D:1)
  5 jackals (D:1)
  3 kobolds (D:1)
  A quokka (D:1)
  4 ball pythons (D:1)
  3 bats
  A frilled lizard (D:1)
  2 rats (D:2)
29 creatures vanquished.

Notes
Turn   | Place    | Note
-------+----------+-------------------------------------------
     0 | D:1      | Revguard the Gargoyle Fighter began the quest for the Orb.
     0 | D:1      | Reached XP level 1. HP: 14/14 MP: 1/1
    57 | D:1      | Reached XP level 2. HP: 2/19 MP: 2/2
   630 | D:1      | Found a faded altar of an unknown god.
   650 | D:1      | Reached XP level 3. HP: 3/23 MP: 3/3
  1219 | D:2      | Reached skill level 1 in Invocations
  1428 | D:2      | Slain by a gnoll

Illustrated notes

Levels and vault maps discovered:
D:1:      minmay_arrival_plants_in_alcoves, layout_rooms, basic_ecumenical_altar
D:2:      layout_loops_ring, minivault_5

Skill      XL: |  1  2  3 |
---------------+----------+-----
Invocations    | 1 |  1.0
Fighting       | |  3.5
Maces & Flails | |  2.6
Armour         | |  3.5
Dodging        | |  0.5
Shields        | |  3.5
Evocations     | |  0.6

Action                   || total
-------------------------++-------
Melee: Flail             ||   110
  Use: Potion            ||     1
Armor: Scale mail        ||    70
Dodge: Dodged            ||    58
Block: Buckler           ||    32
